 Dungeon Crawl Stone Soup version 0.29.1-12-g30fa7ad0bf (webtiles) character file.

Game seed: 17213424602190121718

49305 mopl the Martial Artist (level 14, 0/118 HPs)
             Began as a Djinni Transmuter on Jan 16, 2023.
             Was the Champion of Okawaru.
             Slain by a freezing wraith (7 damage)
             ... on level 12 of the Dungeon.
             The game lasted 00:36:35 (15920 turns).

mopl the Martial Artist (Djinni Transmuter)        Turns: 15920, Time: 00:36:35

Health: 0/118      AC:  8    Str: 13    XL:     14   Next: 91%
Gold:   780        EV: 20    Int: 16    God:    Okawaru [******] SH:  0 Dex: 14

rFire   x . .      SeeInvis +     - Unarmed
rCold   + + +      Faith    .   (shield currently unavailable)
rNeg    . . .      Spirit   .   (body armour currently unavailable)
rPois   ∞          Reflect  .   (helmet currently unavailable)
rElec   .          Harm     .   (cloak currently unavailable)
rCorr   .          Rampage  .   (gloves currently unavailable)
Will    +....                   (boots unavailable)
Stlth   +++.......              r - amulet of regeneration
HPRegen 1.09/turn               P - +4 ring of evasion
MPRegen 0.00/turn               c - ring of see invisible

@: ice-form, heroic, flying, slowed, very slow
A: freezing attack, flying, boosted hp, sickness immunity, large, (fire
resistance 2), (cold vulnerability 1), float, innate caster, HP casting, extra
vitality 1
a: End Transformation, Renounce Religion, Heroism, Finesse, Duel


You were on level 12 of the Dungeon.
You worshipped Okawaru.
Okawaru was exalted by your worship.
You were a creature of crystalline ice.
You visited 3 branches of the dungeon, and saw 18 of its levels.
You also visited: Bailey and Volcano.

You collected 1116 gold pieces.
You spent 336 gold pieces at shops.

Inventory:

Hand Weapons
 o - a +2 demon trident of venom
 E - a +2 vorpal arbalest
Missiles
 l - 19 atropa-tipped darts
 q - a throwing net
 z - 41 poisoned darts
 J - 4 javelins
 M - 12 boomerangs
 Y - 4 curare-tipped darts
Armour
 t - a +1 pair of gloves of stealth (melded)
 x - a +0 cloak (melded)
 A - a +1 leather armour of cold resistance (melded)
 D - a +0 kite shield
 H - the +2 buckler "Latom" (melded) {Str+3}
   (Okawaru gifted it to you on level 11 of the Dungeon)

   Str:       It affects your strength (+3).
 K - a +0 helmet (melded)
Jewellery
 c - a ring of see invisible (right front paw)
 r - an amulet of regeneration (around neck)
 C - a ring of resist corrosion
 P - a +4 ring of evasion (left front paw)
Wands
 n - a wand of mindburst (15)
 u - a wand of digging (4)
 w - a wand of roots (12)
 F - a wand of flame (70)
 O - a wand of paralysis (10)
Scrolls
 a - 4 scrolls of magic mapping
 d - a scroll of torment {unknown}
 g - 7 scrolls of fear
 i - 5 scrolls of poison
 p - a scroll of vulnerability {unknown}
 s - a scroll of acquirement {unknown}
 B - 5 scrolls of teleportation
 R - 6 scrolls of immolation {unknown}
 U - 2 scrolls of fog
Potions
 b - 4 potions of lignification {!q}
 e - 12 potions of heal wounds
 f - 6 potions of might
 h - 3 potions of invisibility
 j - 3 potions of curing
 k - 2 potions of brilliance
 m - 2 potions of mutation {!q}
 v - 5 potions of haste
 I - 6 potions of cancellation
 N - 2 potions of ambrosia
 T - 3 potions of resistance
 Z - 2 potions of berserk rage {!q}
Miscellaneous
 y - a piece from Xom's chessboard (15/15)
 G - a phial of floods
 L - a box of beasts


   Skills:
 + Level 8.4(13.4) Fighting
 + Level 5.8(10.8) Throwing
 + Level 7.1(12.1) Armour
 + Level 8.2(13.2) Dodging
 + Level 0.2(5.2) Shields
 * Level 14.0(19.0) Unarmed Combat
 + Level 7.8 Spellcasting
 + Level 7.5 Invocations
 + Level 9.0 Evocations


You couldn't memorise any spells.
You knew the following spells:

 Your Spells              Type           Power      Damage    Failure   Level
a - Beastly Appendage     Tmut           62%        N/A       1%          1
b - Spider Form           Tmut/Pois      31%        N/A       1%          3
c - Scorch                Fire           62%        2d8       1%          2
d - Ice Form              Ice/Tmut       31%        N/A       4%          4
e - Summon Small Mammal   Summ           100%       N/A       1%          1
f - Ozocubu's Armour      Ice            31%        N/A       1%          3
g - Animate Armour        Summ/Erth      62%        N/A       4%          4
o - Olgreb's Toxic Radia  Pois           31%        N/A       4%          4
w - Wereblood             Tmut           31%        N/A       1%          2
y - Yara's Violent Unrav  Hex/Tmut       15%        3d8       13%         5
Your spell library was empty.

Dungeon Overview and Level Annotations

Branches:
Dungeon (12/15)            Temple (1/1) D:7            Lair (5/5) D:9
 Shoals (0/4) Lair:2       Spider (0/4) Lair:3        Slime (0/5) Lair:5
 Bailey (visited)         Volcano (visited)
    Orc: D:9-12

Altars:
Ashenzari
Cheibriados
Dithmenos
Elyvilon
Fedhas
Gozag
Hepliaklqana
Makhleb
Nemelex Xobeh
Okawaru
Qazlal
Ru
Trog
Uskayaw
Wu Jian
Xom
Yredelemnul
Zin
The Shining One

Shops:
D:1 (!   D:2 *

Annotations:
Lair:1 1 runed translucent door, Sammaje's ghost, novice MiBe


Innate Abilities, Weirdness & Mutations

You are a creature of crystalline ice.
You have a powerful freezing melee attack.
You are flying.
Your maximum health is increased.
Your armour is entirely melded.
You are incapable of wielding weapons or throwing items.
You are immune to sickness and miasma.
You are immune to poison.
((Your flesh is very heat resistant. (rF++)))
((You are vulnerable to cold. (rC-)))
You float through the air rather than walking.
You learn spells naturally, not from books.
Your magical power is your life essence.
You have superior vitality. (+4 MHP)


Message History

You feel less stealthy.
You feel less resistant to cold. The freezing wraith hits you!
* * * LOW HITPOINT WARNING * * *
The freezing wraith freezes you. You resist.
* * * LOW HITPOINT WARNING * * *
The freezing wraith hits you but does no damage.
You hit the freezing wraith but do no damage.
The freezing wraith is lightly damaged.
The freezing wraith closely misses you. The freezing wraith hits you.
* * * LOW HITPOINT WARNING * * *
The freezing wraith drains your vigour!
You feel as though you will be slow longer.
The freezing wraith closely misses you. The freezing wraith hits you.
* * * LOW HITPOINT WARNING * * *
You punch the freezing wraith!
The freezing wraith is moderately damaged.
The freezing wraith hits you!
* * * LOW HITPOINT WARNING * * *
The freezing wraith freezes you. You resist.
* * * LOW HITPOINT WARNING * * *
The freezing wraith closely misses you.
You hit the freezing wraith but do no damage.
The freezing wraith is moderately damaged.
The freezing wraith hits you.
* * * LOW HITPOINT WARNING * * *
The freezing wraith freezes you. You resist.
* * * LOW HITPOINT WARNING * * *
The freezing wraith barely misses you.
You gain the combat prowess of a mighty hero.
The freezing wraith completely misses you.
The freezing wraith misses you.
Unknown command.
You hit the freezing wraith.
The freezing wraith is heavily damaged.
The freezing wraith closely misses you. The freezing wraith hits you!
* * * LOW HITPOINT WARNING * * *
You hit the freezing wraith.
The freezing wraith is heavily damaged.
The freezing wraith hits you!
You die...

### #### ......
..############. ......
..#....<.....>. ......
#.#............
......##.#............
.........####'#####+##
.....................
..^..................
......WY.............
.....................
.....................
#####################


You could see a freezing wraith.

Vanquished Creatures
  An orc warlord (Bailey)
  A hydra (Lair:5)
  6 two-headed ogres
  A merfolk avatar (Lair:5)
  An ogre mage (Volcano)
  A catoblepas (Lair:5)
  A hell knight (Volcano)
  A sea snake (Lair:5)
  A harpy (Lair:5)
  An ugly thing (D:11)
  2 manticores
  7 elephants
  4 merfolk sirens (Lair:2)
  2 molten gargoyles (Volcano)
  4 black mambas
  Joseph (Lair:1)
  An unseen horror (D:11)
  A gargoyle (D:10)
  6 cane toads
  3 kobold demonologists
  8 komodo dragons
  4 rime drakes (Lair:5)
  2 wind drakes (Lair:5)
  4 polar bears
  3 trolls
  3 slime creatures (D:10)
  25 blink frogs
  5 dream sheep (Lair:4)
  3 shadows
  2 culicivoras (Lair:3)
  32 yaks
  2 fire bats (Volcano)
  A basilisk (D:9)
  3 wyverns
  3 steam dragons (Lair:5)
  2 vampire mosquitoes (D:12)
  8 water moccasins
  2 acid dragons
  5 orc warriors
  6 ice beasts
  An ogre (D:6)
  3 black bears
  28 wolves
  6 centaurs
  2 phantoms
  7 kobold brigands
  13 bullfrogs
  3 necrophages
  2 scorpions (D:6)
  5 wights
  4 killer bees (D:11)
  5 howler monkeys
  An electric eel (Lair:4)
  5 lava snakes (Volcano)
  3 jellies
  6 orc priests
  A gnoll bouda (D:6)
  3 hounds
  An iron imp (D:10)
  Ijyb (D:4)
  2 iguanas
  10 orc wizards
  6 hell rats (Lair:4)
  5 adders
  8 gnolls
  A shadow imp (D:7)
  4 white imps
  3 ufetubi
  A worm (D:2)
  4 dart slugs
  26 orcs
  6 ball pythons
  4 endoplasms
  5 giant cockroaches
  10 hobgoblins
  27 kobolds
  6 quokkas
  4 bats
  5 frilled lizards
  7 goblins
  4 rats
417 creatures vanquished.

Vanquished Creatures (others)
  21 fungi
  34 plants
55 creatures vanquished.

Grand Total: 472 creatures vanquished

Notes
Turn   | Place    | Note
-------+----------+-------------------------------------------
     0 | D:1      | mopl the Djinni Transmuter began the quest for the Orb.
     0 | D:1      | mopl set off with the following spells memorised: Beastly
                  | Appendage, Wereblood, Spider Form, Ice Form.
     0 | D:1      | Reached XP level 1. HP: 17/17 MP: 0/0
   283 | D:1      | Found Firgh's Distillery.
   303 | D:1      | Reached XP level 2. HP: 14/22 MP: 0/0
   413 | D:1      | Bought a potion of degeneration for 14 gold pieces
   649 | D:1      | Found a faded altar of an unknown god.
   864 | D:1      | Found Zeotits's Antique Weapon Boutique.
   884 | D:1      | Reached XP level 3. HP: 8/27 MP: 0/0
   884 | D:1      | Learned a level 1 spell: Summon Small Mammal
  1201 | D:1      | Reached skill level 2 in Spellcasting
  1584 | D:2      | Reached skill level 4 in Unarmed Combat
  2264 | D:2      | Reached XP level 4. HP: 23/32 MP: 0/0
  2266 | D:2      | Found Timpaige's General Store.
  2280 | D:2      | Bought a potion of curing for 42 gold pieces
  3122 | D:3      | Found a hazy altar of Hepliaklqana.
  3479 | D:4      | Noticed Ijyb
  3484 | D:4      | Killed Ijyb
  3485 | D:4      | Reached XP level 5. HP: 34/37 MP: 0/0
  3485 | D:4      | Learned a level 2 spell: Scorch
  3518 | D:4      | Found a hide-covered altar of Uskayaw.
  3695 | D:4      | Reached skill level 5 in Unarmed Combat
  3948 | D:4      | Reached XP level 6. HP: 41/42 MP: 0/0
  3950 | D:4      | Reached skill level 3 in Spellcasting
  4126 | D:4      | Reached skill level 6 in Unarmed Combat
  4261 | D:5      | Entered Level 5 of the Dungeon
  4424 | D:5      | Reached XP level 7. HP: 47/47 MP: 0/0
  4424 | D:5      | Learned a level 3 spell: Ozocubu's Armour
  4488 | D:5      | Found a shadowy altar of Dithmenos.
  4613 | D:5      | Found an ornate altar of the Wu Jian Council.
  4724 | D:6      | Reached skill level 1 in Evocations
  4793 | D:6      | Noticed a water moccasin
  4818 | D:6      | Reached skill level 7 in Unarmed Combat
  4824 | D:6      | Reached skill level 2 in Evocations
  4824 | D:6      | Reached XP level 8. HP: 33/52 MP: 0/0
  4898 | D:6      | Reached skill level 4 in Spellcasting
  5105 | D:6      | Reached skill level 8 in Unarmed Combat
  5105 | D:6      | Reached skill level 3 in Evocations
  5334 | D:6      | Reached XP level 9. HP: 39/58 MP: 0/0
  5334 | D:6      | Learned a level 4 spell: Olgreb's Toxic Radiance
  5406 | D:6      | Reached skill level 2 in Fighting
  5837 | D:7      | Reached skill level 4 in Evocations
  5880 | D:7      | Found a staircase to the Ecumenical Temple.
  5890 | Temple   | Entered the Ecumenical Temple
  6126 | Temple   | Became a worshipper of Warmaster Okawaru
  6161 | Temple   | Reached skill level 9 in Unarmed Combat
  6209 | D:7      | Reached skill level 3 in Fighting
  6341 | D:1      | Bought a potion of brilliance for 56 gold pieces
  6341 | D:1      | Bought a potion of flight for 42 gold pieces
  6341 | D:1      | Bought a potion of heal wounds for 70 gold pieces
  6341 | D:1      | Bought a potion of ambrosia for 112 gold pieces
  6460 | D:7      | Reached skill level 5 in Spellcasting
  6686 | D:7      | Reached * piety under Okawaru
  7494 | D:8      | Found a flagged portal.
  7508 | D:8      | Reached XP level 10. HP: 24/67 MP: 0/0
  7513 | D:8      | Reached skill level 5 in Evocations
  7519 | Bailey   | Entered a bailey
  7581 | Bailey   | Noticed an orc warlord
  7706 | Bailey   | Reached skill level 1 in Invocations
  7710 | Bailey   | Reached skill level 4 in Fighting
  7834 | Bailey   | Reached skill level 10 in Unarmed Combat
  7873 | Bailey   | Found a runed translucent gate.
  7876 | Bailey   | Found a runed translucent gate.
  7878 | Bailey   | Found a runed translucent gate.
  8084 | Bailey   | Killed an orc warlord
  8084 | Bailey   | Reached ** piety under Okawaru
  8085 | Bailey   | Reached skill level 1 in Throwing
  8085 | Bailey   | Reached skill level 1 in Armour
  8085 | Bailey   | Reached skill level 2 in Invocations
  8133 | Bailey   | Identified the +2 mace "Tesy" {freeze, *Noise +Blink rElec
                  | Str+3}
  8145 | Bailey   | Reached skill level 5 in Fighting
  8145 | Bailey   | Reached skill level 2 in Throwing
  8145 | Bailey   | Reached skill level 3 in Armour
  8145 | Bailey   | Reached skill level 4 in Dodging
  8145 | Bailey   | Reached skill level 11 in Unarmed Combat
  8145 | Bailey   | Reached skill level 6 in Spellcasting
  8145 | Bailey   | Reached skill level 3 in Invocations
  8145 | Bailey   | Reached skill level 6 in Evocations
  8145 | Bailey   | Reached XP level 11. HP: 76/76 MP: 0/0
  8145 | Bailey   | Learned a level 4 spell: Animate Armour
  8529 | D:8      | Reached skill level 4 in Invocations
  8542 | D:8      | Reached skill level 3 in Throwing
  8828 | D:9      | Found a basalt altar of Yredelemnul.
  8836 | D:9      | Noticed a manticore
  8849 | D:9      | Killed a manticore
  8950 | D:9      | Reached *** piety under Okawaru
  8972 | D:9      | Reached skill level 5 in Dodging
  9046 | D:9      | Reached skill level 4 in Armour
  9047 | D:9      | Reached skill level 6 in Fighting
  9049 | D:9      | Reached XP level 12. HP: 77/83 MP: 0/0
  9052 | D:9      | Received a gift from Okawaru
  9083 | D:9      | Found a staircase to the Lair.
  9186 | D:9      | Reached **** piety under Okawaru
  9444 | D:9      | Noticed a two-headed ogre
  9475 | D:9      | Killed a two-headed ogre
  9476 | D:9      | Reached skill level 7 in Evocations
  9608 | Lair:1   | Entered Level 1 of the Lair of Beasts
  9630 | Lair:1   | Found a runed translucent door.
  9631 | Lair:1   | Noticed Sammaje's ghost (novice MiBe)
  9659 | Lair:1   | Reached skill level 12 in Unarmed Combat
  9799 | Lair:1   | Reached skill level 5 in Invocations
  9867 | Lair:1   | Reached ***** piety under Okawaru
 10144 | Lair:1   | Noticed Joseph
 10156 | Lair:1   | Killed Joseph
 10156 | Lair:1   | Received a gift from Okawaru
 10231 | Lair:2   | Reached skill level 4 in Throwing
 10409 | Lair:2   | Reached skill level 6 in Dodging
 10412 | Lair:2   | Received a gift from Okawaru
 10471 | Lair:2   | Reached skill level 5 in Armour
 10485 | Lair:2   | Reached XP level 13. HP: 72/89 MP: 0/0
 10485 | Lair:2   | Learned a level 5 spell: Yara's Violent Unravelling
 10496 | Lair:2   | Found a staircase to the Shoals.
 11253 | Lair:3   | Found a hole to the Spider Nest.
 11367 | Lair:3   | Received a gift from Okawaru
 11368 | Lair:3   | Reached skill level 7 in Fighting
 11550 | Lair:3   | Found a burning altar of Makhleb.
 11724 | Lair:3   | Reached skill level 7 in Spellcasting
 11738 | Lair:3   | Reached skill level 6 in Invocations
 11811 | Lair:3   | You are sucked into a shaft and drop 2 floors!
 11811 | Lair:5   | Entered Level 5 of the Lair of Beasts
 11967 | Lair:4   | Reached skill level 8 in Evocations
 11997 | Lair:4   | Reached skill level 13 in Unarmed Combat
 12051 | Lair:4   | Received a gift from Okawaru
 12052 | Lair:4   | Reached skill level 7 in Dodging
 12075 | Lair:4   | Found a dark tunnel.
 12092 | Volcano  | Entered a volcano
 12314 | Volcano  | Found a bloodstained altar of Trog.
 12314 | Volcano  | Noticed an ogre mage
 12321 | Volcano  | Received a gift from Okawaru
 12323 | Volcano  | Reached skill level 5 in Throwing
 12323 | Volcano  | Reached skill level 6 in Armour
 12323 | Volcano  | Killed an ogre mage
 12523 | Lair:4   | Reached XP level 14. HP: 84/97 MP: 0/0
 12589 | Lair:4   | Received a gift from Okawaru
 13547 | Lair:5   | Found a staircase to the Slime Pits.
 13630 | Lair:5   | Reached skill level 8 in Fighting
 13701 | Lair:5   | Reached skill level 7 in Invocations
 13846 | Lair:5   | Received a gift from Okawaru
 13942 | Lair:5   | Identified the +4 scale mail of the Valley of Death {*Slow
                  | rF+ Stlth+}
 14068 | Lair:5   | Reached skill level 8 in Dodging
 14701 | D:10     | Entered Level 10 of the Dungeon
 14855 | D:10     | Found a snail-covered altar of Cheibriados.
 14967 | D:10     | Reached skill level 7 in Armour
 14967 | D:10     | Reached skill level 14 in Unarmed Combat
 15377 | D:11     | Reached ****** piety under Okawaru
 15377 | D:11     | Identified the +2 buckler "Latom" {Str+3} (Okawaru gifted
                  | it to you on level 11 of the Dungeon)
 15377 | D:11     | Received a gift from Okawaru
 15893 | D:12     | Reached skill level 9 in Evocations
 15920 | D:12     | Slain by a freezing wraith

Illustrated notes

Levels and vault maps discovered:
D:1:      nzn_arrival_settlement, layout_basic, serial_shops,
          nicolae_shop_hallway_stairs, nicolae_diamond_shop,
          shapermc_ecumenical_altar_ellora
D:2:      layout_loops_corners, serial_shops, nicolae_lakefront_shop,
          corexii_hall_statues_l
D:3:      layout_rooms, mainiacjoe_overflow_paths
D:4:      layout_gridville, lemuel_blue_sif_altar, nicolae_uskayaw_dance_hall,
          uniq_ijyb
D:5:      layout_rooms, nicolae_wu_jian_immortal_techniques,
          nicolae_dithmenos_the_darkroom
D:6:      layout_basic, minmay_fractal_squares_diagonal_5
D:7:      layout_layer_cave
D:8:      layout_loops_ring, enter_bailey_2, minmay_puff
D:9:      layout_irregular_city, mainiacjoe_overflow_catwalk, david_lair_generic
D:10:     layout_basic, slow_altar_1
D:11:     layout_long_grid
D:12:     kennysheep_blocky_hall, layout_stronghold,
          nicolae_shop_sticking_my_neck_out
Temple:   regret_index_temple_generic_petals
Lair:1:   layout_misc_corridors, hellmonk_ghost_happy_afterlife, uniq_joseph
Lair:2:   layout_gridlike, elwin_shoals_entry_stream,
          chequers_serial_rivers_small_b, lemuel_fruit_tree
Lair:3:   layout_roguey, hellmonk_spider_entry_life_and_decay, basic_altar,
          serial_bayou_shore_b
Lair:4:   layout_regular_city, nicolae_volcano_entry_hallway,
          grunt_megastairs_5, infiniplex_staircase_pool_2, serial_bayou_shore_a
Lair:5:   gammafunk_lair_ancient_temple, layout_hall_layers,
          dpeg_slime_entry_corner

Skill      XL: |  1  2  3  4  5  6  7  8  9 10 11 12 13 14 |
---------------+-------------------------------------------+-----
Spellcasting   | 2 3 4 5 6 7 |  7.8
Unarmed Combat | 4 5 6 7 8 9 11 12 13 14 | 14.0
Evocations     | 2 3 4 6 7 8 9 |  9.0
Fighting       | 3 5 6 7 8 |  8.4
Invocations    | 3 4 5 6 7 |  7.5
Throwing       | 2 3 4 5 |  5.8
Armour         | 3 4 5 6 7 |  7.1
Dodging        | 4 5 6 7 8 |  8.2
Shields        | |  0.2

Action                   |  1- 3 |  4- 6 |  7- 9 | 10-12 | 13-15 || total
-------------------------+-------+-------+-------+-------+-------++-------
Melee: Unarmed           |   107 |    55 |       |   262 |   658 ||  1082
       Punch             |     2 |     5 |    15 |     6 |    29 ||    57
       Headbutt          |     3 |     5 |    13 |     4 |       ||    25
       Lajatang          |    36 |    15 |       |       |       ||    51
       Club              |       |    47 |   279 |    22 |       ||   348
 Fire: Arbalest          |       |       |       |   118 |       ||   118
Throw: Boomerang         |       |       |       |       |     1 ||     1
 Cast: Beastly Appendage |     6 |    11 |     9 |     3 |       ||    29
       Wereblood         |       |       |     5 |     4 |     3 ||    12
       Olgreb's Toxic Ra |       |       |       |    16 |    33 ||    49
       Ice Form          |       |       |       |    13 |    21 ||    34
       Ozocubu's Armour  |       |       |       |     1 |     2 ||     3
       Spider Form       |       |       |       |     1 |       ||     1
       Yara's Violent Un |       |       |       |       |     1 ||     1
Invok: Heroism           |       |       |       |     3 |     7 ||    10
 Abil: End Transformatio |       |       |       |       |     1 ||     1
Evoke: Wand              |       |     4 |     8 |     5 |    10 ||    27
  Use: Scroll            |       |       |     7 |     5 |     6 ||    18
       Potion            |       |       |     1 |     1 |     1 ||     3
 Stab: Sleeping          |     1 |     1 |       |       |       ||     2
       Distracted        |       |       |     1 |       |       ||     1
       Paralysed         |       |       |     5 |       |       ||     5
Armor: Robe              |    38 |     8 |       |       |       ||    46
       Leather armour    |       |     9 |    97 |    15 |    77 ||   198
       Skin              |       |       |       |    29 |    74 ||   103
Dodge: Dodged            |   100 |    69 |   240 |   179 |   607 ||  1195
Block: Buckler           |       |       |       |       |    18 ||    18
